 Dungeon Crawl Stone Soup version 0.30-a0-840-ga523dec638 (webtiles) character file.

Game seed: 13552982792079205696

119 cforsyth the Sneak (level 5, -6/32 HPs)
             Began as a Kobold Brigand on Mar 2, 2023.
             Killed from afar by a white imp (7 damage)
             ... with a puff of frost
             ... summoned by Natasha
             ... on level 4 of the Dungeon.
             The game lasted 00:02:47 (1941 turns).

cforsyth the Sneak (Kobold Brigand)                 Turns: 1941, Time: 00:02:48

Health: -6/32      AC:  4    Str:  8    XL:     5   Next: 23%
Magic:  5/5        EV: 15    Int: 13    God:
Gold:   113        SH:  0    Dex: 18    Spells: 4/4 levels left

rFire   . . .      SeeInvis .    a - +2 dagger
rCold   . . .      Faith    .    (no shield)
rNeg    . . .      Spirit   .    b - +0 robe
rPois   .          Reflect  .    (no helmet)
rElec   .          Harm     .    c - +0 cloak
rCorr   .          Rampage  .    (no gloves)
Will    .....                    o - +0 pair of boots
Stlth   ++++                     (no amulet)
HPRegen 0.25/turn                (no ring)
MPRegen 0.09/turn                (no ring)

@: mighty
A: small, no large weapons, nightstalker 3
a: no special abilities


You were on level 4 of the Dungeon.
You visited 1 branch of the dungeon, and saw 4 of its levels.

You collected 113 gold pieces.

Inventory:

Hand Weapons
 a - a +2 dagger (weapon)
Missiles
 d - 11 poisoned darts (quivered)
 e - 3 curare-tipped darts
 l - a throwing net
Armour
 b - a +0 robe (worn)
 c - a +0 cloak (worn)
 o - a +0 pair of boots (worn)
Scrolls
 g - 2 scrolls of enchant armour {unknown}
 h - a scroll of amnesia {unknown}
 j - a scroll of acquirement {unknown}
 k - a scroll of blinking {unknown}
 n - a scroll of teleportation {unknown}
 p - 2 scrolls of immolation {unknown}
Potions
 f - a potion of brilliance {unknown}
 m - a potion of haste {unknown}


   Skills:
 + Level 3.3 Fighting
 + Level 4.0 Short Blades
 - Level 2.1 Throwing
 + Level 2.8 Dodging
 + Level 6.2 Stealth


You had 4 spell levels left.
You didn't know any spells.
Your spell library contained the following spells:

 Spells                   Type           Power      Damage    Failure   Level
 Beastly Appendage        Tmut           0%         N/A       30%         1
 Ensorcelled Hibernation  Hex/Ice        0%         N/A       43%         2
 Passwall                 Tmut/Erth      0%         N/A       43%         2
 Wereblood                Tmut           0%         N/A       43%         2
 Spider Form              Tmut/Pois      0%         N/A       67%         3
 Swiftness                Air            0%         N/A       67%         3


Dungeon Overview and Level Annotations

Branches:
Dungeon (4/15)
 Temple: D:4-7

Altars:

Shops:
D:2 :

Annotations:
D:4 Natasha


Innate Abilities, Weirdness & Mutations

You are small and have problems with some larger weapons.
You are completely attuned to the shadows.


Message History

You are too injured to fight recklessly!
You are too injured to fight recklessly!
You are too injured to fight recklessly!
You are too injured to fight recklessly!
You are too injured to fight recklessly!
You are too injured to fight recklessly!
You are too injured to fight recklessly!
You are too injured to fight recklessly!
You closely miss the orc.
Natasha stares at you and mumbles some strange words.
The magic dart hits you.
* * * LOW HITPOINT WARNING * * *
The orc hits you but does no damage.
You hit Natasha.
Natasha is lightly wounded.
Natasha claws you.
* * * LOW HITPOINT WARNING * * *
The orc misses you.
You hit Natasha.
Natasha is moderately wounded.
Natasha mumbles some strange words.
The orc completely misses you.
It was a potion of might.
You feel very mighty all of a sudden.
Natasha looks more healthy.
Natasha casts a spell at you. The magic dart hits you.
* * * LOW HITPOINT WARNING * * *
The orc misses you. The white imp misses you.
You hit Natasha.
Natasha is heavily wounded.
Unknown command.
You closely miss Natasha.
Natasha is heavily wounded.
Natasha claws you.
* * * LOW HITPOINT WARNING * * *
The orc hits you but does no damage. The white imp gestures at you.
The puff of frost hits you!
You die...

#... ....
.... ####
....#h...
...5@o...
...†.....
.####....
.... ....


You could see Natasha, a white imp (summoned) and an orc.

Vanquished Creatures
  A hound (D:3)
  3 adders
  A dart slug (D:1)
  3 orcs (D:4)
  7 endoplasms
  A giant cockroach (D:1)
  3 goblins
  7 hobgoblins
  5 jackals
  A quokka (D:2)
  3 ball pythons
  4 bats (D:1)
  4 frilled lizards
  5 kobolds
  6 rats
54 creatures vanquished.

Notes
Turn   | Place    | Note
-------+----------+-------------------------------------------
     0 | D:1      | cforsyth the Kobold Brigand began the quest for the Orb.
     0 | D:1      | Reached XP level 1. HP: 12/12 MP: 1/1
   123 | D:1      | Reached XP level 2. HP: 18/18 MP: 2/2
   419 | D:1      | Reached XP level 3. HP: 12/22 MP: 3/3
   738 | D:2      | Found Nini Nanga's Vocational Training.
   966 | D:2      | Found a faded altar of an unknown god.
  1043 | D:2      | Reached XP level 4. HP: 27/27 MP: 4/4
  1186 | D:2      | Reached skill level 6 in Stealth
  1502 | D:3      | Reached XP level 5. HP: 32/32 MP: 5/5
  1869 | D:4      | Noticed an orc warrior
  1884 | D:3      | Noticed Natasha
  1941 | D:4      | HP: 1/32 [Natasha (1)]
  1941 | D:4      | Killed from afar by a white imp

Illustrated notes

Levels and vault maps discovered:
D:1:      dpeg_arrival_fog, layout_basic, serial_glass, glass_columns_c,
          glass_columns_a
D:2:      layout_loops_ring, dreamdust_ecumenical_altar_hidden_monk_grotto,
          nicolae_shop_vocational
D:3:      layout_rooms, old_standard_altar, uniq_natasha
D:4:      layout_rooms, lemuel_crystal_altar, serial_shops,
          nicolae_inconvenience_store

Skill      XL: |  1  2  3  4  5 |
---------------+----------------+-----
Short Blades   | 3 4 |  4.0
Dodging        | 2 |  2.8
Fighting       | 3 |  3.3
Stealth        | 6 |  6.2
Throwing       | |  2.1

Action                     |  1- 3 |  4- 6 || total
---------------------------+-------+-------++-------
  Melee: Dagger            |   101 |    54 ||   155
  Throw: Dart              |       |     1 ||     1
    Use: Potion            |       |     1 ||     1
   Stab: Sleeping          |    17 |     9 ||    26
 Armour: Robe              |    16 |    13 ||    29
  Dodge: Dodged            |    62 |    43 ||   105

Table legend: (Time is in decaauts)
 A = Elapsed time spent in this place.
 B = Non-inter-level travel time spent in this place.
 C = Inter-level travel time spent in this place.
 D = Time resting spent in this place.
 E = Time spent auto-exploring this place.
 F = Levels seen in this place.
 G = Mean time per level.
                   A        B        C        D        E       F      G
               +--------+--------+--------+--------+--------+-----+--------+
         Total |   1915 |   1902 |     13 |    321 |   1229 |   4 |  478.8 |
       Dungeon |   1915 |   1902 |     13 |    321 |   1229 |   4 |  478.8 |
               +--------+--------+--------+--------+--------+-----+--------+

Top non-repeatable levels by time:
     D:1: 715 daAuts
     D:2: 696 daAuts
     D:4: 410 daAuts
     D:3: 92 daAuts
